Description

llllll

Replay - BladeQueen v Lesmester - Catalyst LE

Build Order

Get SALT Encoding   

  12  0:01  Drone  
  13  0:12  Overlord  
  13  0:17  Drone  
  14  0:31  Drone x3  
  17  0:52  Hatchery  
  17  0:56  Drone x2  
  17  0:59  Extractor  
  17  1:14  Spawning Pool  
  16  1:20  Drone x2  
  18  1:28  Drone  
  20  1:49  Overlord  
  20  2:03  Metabolic Boost  
  20  2:06  Queen x2, Zergling x4  
  29  2:38  Hatchery  
  28  2:46  Queen  
  30  2:52  Queen  
  32  3:01  Overlord x2  
  36  3:24  Queen  
  42  3:36  Queen  
  44  3:44  Overlord  
  47  3:51  Extractor x2  
  45  4:00  Lair  
  45  4:08  Queen  
  50  4:22  Evolution Chamber x2  
  63  4:49  Spore Crawler x2  
  63  4:52  Baneling Nest  
  61  4:54  Extractor  
  63  5:22  Zerg Melee Weapons Level 1  
  63  5:23  Zerg Ground Armor Level 1  
  63  5:26  Hydralisk Den, Zergling x8  
  66  5:36  Zergling x8  
  66  5:40  Centrifical Hooks  
  78  5:55  Muscular Augments  
  81  6:20  Extractor x2  
  82  6:37  Hatchery  
  81  6:44  Infestation Pit, Hydralisk x5  
  92  6:47  Baneling x5  
  92  7:07  Grooved Spines  
  104  7:10  Baneling x5  
  104  7:27  Hydralisk x3  
  113  7:45  Hydralisk x2  
Spawning Tool Build Advisor. Get it on Overwolf

Go to:

Details

  • Created by: BladeQueen
  • Published on: May 19, 2018
  • Modified on: May 19, 2018
  • Patch: 4.0.0
Show
View Real Time Build Order
Export as new Build Order

Comments (0)

There are no comments. Be the first!

Create an account to comment!